 Dungeon Crawl Stone Soup version 0.18.1-8-gdd0e5ea (webtiles) character file.

94 inmateoo the Slasher (level 4, -5/33 HPs)
             Began as a Human Skald on May 21, 2016.
             Was an Initiate of Trog.
             Slain by a scorpion (6 damage)
             ... on level 4 of the Dungeon.
             The game lasted 00:04:26 (2293 turns).

inmateoo the Slasher (Human Skald)                  Turns: 2293, Time: 00:04:27

Health: -5/33      AC:  9    Str: 13    XL:     4   Next: 94%
Magic:  7/7        EV:  6    Int: 12    God:    Trog [......]
Gold:   62         SH:  0    Dex: 13    Spells: 2 memorised, 4 levels left

rFire  + . .     SeeInvis .     a - +0 falchion
rCold  . . .     Gourm    .     b - +1 chain mail
rNeg   . . .     Faith    .     (no shield)
rPois  .         Spirit   .     (no helmet)
rElec  .         Dismiss  .     (no cloak)
rCorr  .         Reflect  .     (no gloves)
SustAt .         Harm     .     (no boots)
MR     .....                    (no amulet)
Stlth  ..........               (no ring)
                                k - ring of protection from fire

@: lethally poisoned (-5 -> -17), not resistant to hostile enchantments,
extremely unstealthy
A: no striking features
a: Burn Spellbooks, Renounce Religion


You were on level 4 of the Dungeon.
You worshipped Trog.
Trog was noncommittal.
You were hungry.

You visited 1 branch of the dungeon, and saw 4 of its levels.

You collected 62 gold pieces.

Inventory:

Hand Weapons
 a - a +0 falchion (weapon)
Missiles
 e - 4 tomahawks (quivered)
Armour
 b - a +1 chain mail (worn)
 h - a +0 cloak
Jewellery
 k - a ring of protection from fire (left hand)
Wands
 g - a wand of iceblast (8/15)
Scrolls
 n - a scroll of remove curse
Potions
 f - 2 potions of flight
Comestibles
 d - 2 bread rations
 i - 2 fruits
 j - 2 royal jellies
 l - a meat ration


   Skills:
 - Level 2.1 Fighting
 * Level 4.4 Long Blades
 - Level 1.3 Armour
 - Level 1.3 Dodging
 - Level 2.0 Spellcasting
 - Level 3.0 Charms


You had 4 spell levels left.
You knew the following spells:

 Your Spells              Type           Power        Failure   Level  Hunger
a - Infusion              Chrm           #...         100%        1    ##.....
b - Shroud of Golubria    Chrm/Tloc      #.........   100%        2    ###....


Dungeon Overview and Level Annotations

Branches:
Dungeon (4/15)
 Temple: D:4-7

Altars:
Ashenzari
Cheibriados
Makhleb
Nemelex Xobeh
Trog
Vehumet

Annotations:
D:4 Natasha


Message History

* * * LOW HITPOINT WARNING * * *
You feel sick.
The giant newt bites you but does no damage.
The scorpion stings you.
* * * LOW HITPOINT WARNING * * *
The adder bites you but does no damage.
You miss the giant newt.
* * * LOW HITPOINT WARNING * * *
You feel sick. The adder barely misses you. The giant newt bites you.
* * * LOW HITPOINT WARNING * * *
The scorpion stings you.
* * * LOW HITPOINT WARNING * * *
You are more poisoned.
The scorpion poisons you! The adder bites you but does no damage.
You hit the giant newt.
You kill the giant newt!
Trog accepts your kill.
* * * LOW HITPOINT WARNING * * *
You feel sick. The scorpion stings you.
You die...

.........a..h.#
##<....####.#
a....###.#....#####
..<......#..(.....#
#.###############s#
#. .....#a# #
#...#h# #..S#s#
#.o.@.# #..#### #.
#


You could see 2 scorpions, a worker ant, Natasha, an adder and an orc.

Vanquished Creatures
  Terence (D:3)
  An adder (D:2)
  2 gnolls (D:3)
  2 worms (D:2)
  A dart slug (D:3)
  5 bats
  3 giant cockroaches (D:3)
  3 goblins
  4 hobgoblins
  5 giant newts
  A kobold (D:1)
  6 rats
34 creatures vanquished.

Vanquished Creatures (others)
  The ghost of kak the Chucker, an amateur TrHu of Cheibriados (D:4)
1 creature vanquished.

Grand Total: 35 creatures vanquished

Notes
Turn   | Place    | Note
--------------------------------------------------------------
     0 | D:1      | inmateoo the Human Skald began the quest for the Orb.
     0 | D:1      | Reached XP level 1. HP: 16/16 MP: 3/3
   402 | D:1      | Reached XP level 2. HP: 13/22 MP: 5/5
   723 | D:2      | Learned a level 2 spell: Shroud of Golubria
   953 | D:2      | Found a radiant altar of Vehumet.
   953 | D:2      | Found a burning altar of Makhleb.
  1112 | D:2      | Reached skill level 3 in Long Blades
  1112 | D:2      | Reached XP level 3. HP: 17/27 MP: 1/6
  1538 | D:2      | Found a shattered altar of Ashenzari.
  1541 | D:2      | Found a sparkling altar of Nemelex Xobeh.
  1544 | D:2      | Found a bloodstained altar of Trog.
  1550 | D:2      | Became a worshipper of Trog the Wrathful
  1942 | D:3      | Found a snail-covered altar of Cheibriados.
  2008 | D:3      | Noticed Terence
  2038 | D:3      | Killed Terence
  2038 | D:3      | Reached skill level 4 in Long Blades
  2038 | D:3      | Reached XP level 4. HP: 17/33 MP: 7/7
  2268 | D:4      | Noticed Natasha
  2270 | D:4      | Killed kak's ghost
  2293 | D:4      | HP: 1/33 [poisoned by a scorpion]
  2293 | D:4      | Slain by a scorpion

Skill      XL: |  1  2  3 |
---------------+----------+-----
Long Blades    | 3 4 |  4.4
Fighting       | |  2.1
Armour         | |  1.3
Dodging        | |  1.3
Spellcasting   | |  2.0
Charms         | |  3.0

Action                   |  1- 3 |  4- 6 || total
-------------------------+-------+-------++-------
Melee: Falchion          |   160 |    21 ||   181
Throw: Tomahawk          |     8 |       ||     8
 Cast: Infusion          |     1 |       ||     1
Invok: Burn Spellbooks   |     1 |       ||     1
  Use: Scroll            |     5 |     1 ||     6
       Potion            |       |     1 ||     1
  Eat: Chunk             |     4 |       ||     4
Armor: Leather armour    |     3 |       ||     3
       Ring mail         |    56 |       ||    56
       Chain mail        |    18 |    24 ||    42
Dodge: Dodged            |   107 |     8 ||   115
